 Dungeon Crawl Stone Soup version 0.15.2 (webtiles) character file.

32 bullock the Magician (level 3, -1/19 HPs)
             Began as a Gargoyle Wizard on Nov 16, 2014.
             Killed by nerve-wracking pain
             ... invoked by Jessica
              (7 damage)
             ... on Level 2 of the Dungeon.
             The game lasted 00:04:26 (1300 turns).

bullock the Magician (Gargoyle Wizard)              Turns: 1300, Time: 00:04:26

HP  -1/19        AC  5     Str 10      XL: 3   Next: 27%
MP   1/8         EV 11     Int 19      God:
Gold 43          SH  0     Dex  8      Spells:  4 memorised,  1 level left

rFire  . . .     SeeInvis .     f - +2 whip (flame)
rCold  . . .     Clarity  .     a - +0 robe
rNeg   + . .     rCorr    .     (no shield)
rPois  +         rRot     +     (no helmet)
rElec  +         Spirit   .     (no cloak)
SustAb .         Warding  .     (no gloves)
rMut   .         Stasis   .     (no boots)
Gourm  .                        (no amulet)
MR     .....                    (no ring)
                                (no ring)

@: very slightly contaminated, repel missiles, not resistant to hostile
enchantments, unstealthy
A: negative energy resistance 1, electricity resistance, unbreathing,
petrification resistance, rot immunity, AC +3
a: no special abilities


You were on level 2 of the Dungeon.
You were not hungry.

You visited 1 branch of the dungeon, and saw 2 of its levels.

You collected 43 gold pieces.

Inventory:

Hand weapons
 f - a +2 whip of flaming (weapon)
Armour
 a - a +0 robe (worn)
Comestibles
 d - a bread ration
Scrolls
 b - 2 scrolls of fog {unknown}
 e - a scroll of immolation {unknown}
 g - a scroll of identify {unknown}
Books
 c - a book of Minor Magic

   Spells                             Type                      Level
   *Magic Dart                        Conjuration                  1
   *Blink                             Translocation                2
   Call Imp                           Summoning                    2
   *Repel Missiles                    Charms/Air                   2
   Slow                               Hexes                        2
   *Conjure Flame                     Conjuration/Fire             3
   Mephitic Cloud                     Conjuration/Poison/Air       3


   Skills:
 - Level 1.5 Dodging
 - Level 2.1 Stealth
 + Level 3.7 Spellcasting
 * Level 2.1 Conjurations
   Level 0.8 Summonings
 + Level 1.0 Translocations


You had one spell level left.
You knew the following spells:

 Your Spells              Type           Power        Failure   Level  Hunger
a - Magic Dart            Conj           ##..         8%          1    None
f - Conjure Flame         Conj/Fire      #.......     34%         3    ###....
q - Blink                 Tloc           N/A          17%         2    ##.....
v - Repel Missiles        Chrm/Air       #.....       24%         2    ##.....


Dungeon Overview and Level Annotations

Branches:
Dungeon (2/15)

Altars:
Xom

Annotations:
D:2 Jessica


Innate Abilities, Weirdness & Mutations

You are resistant to torment.
You are immune to poison.
Your stone body is very resilient (AC +3).
You resist negative energy.
You are resistant to electric shocks.
You can survive without breathing.
You are immune to petrification.
You are immune to rotting.


Message History

Confirm with . or Enter, or press ? or * to list all spells.
Aiming: Magic Dart
Press: ? - help, Shift-Dir - straight line, f/p - worm
Aim: a worm (severely wounded)
The magic dart hits the worm.
The worm is almost dead.
Jessica mumbles some strange words.
Jessica seems to speed up.
Jessica mumbles some strange words.
Jessica blinks!
You hit the worm. You burn the worm.
You kill the worm!
Your Conjurations skill increases to level 2!
Your Translocations skill increases to level 1!
Jessica casts a spell at you. Pain shoots through your body!
Jessica shouts, "You are a ghastly nuisance!"
Jessica casts a spell at you. Pain shoots through your body!
You die...

#...♣♣♣ ♣♣..........
#...P.♣♣.♣♣.P.........
#...PP................
##..♣♣♣♣.♣♣PP.........
#..P♣♣♣.♣♣♣♣..#......
#..P♣♣P♣.♣♣...####.#
#..P.P..P..P..#### .
#................##
#...%....@%....>..##
##.##....#.........#.
#.....>##...........
####..<##.........#.
#...##.........#
#...##@........#
#...###......... #####
.........# #.........


You could see Jessica.

Vanquished Creatures
  A worm (D:2)
  4 bats (D:1)
  A giant cockroach (D:1)
  4 hobgoblins (D:1)
  2 jackals (D:1)
  A ball python (D:1)
  5 goblins
  4 kobolds (D:1)
  5 rats (D:1)
27 creatures vanquished.

Notes
Turn   | Place    | Note
--------------------------------------------------------------
     0 | D:1      | bullock, the Gargoyle Wizard, began the quest for the Orb.
     0 | D:1      | Reached XP level 1. HP: 10/10 MP: 4/4
   318 | D:1      | Reached XP level 2. HP: 3/15 MP: 0/6
   322 | D:1      | Learned a level 2 spell: Blink
   325 | D:1      | Learned a level 2 spell: Repel Missiles
  1020 | D:1      | Reached XP level 3. HP: 19/19 MP: 8/8
  1025 | D:1      | Learned a level 3 spell: Conjure Flame
  1098 | D:1      | Found a shimmering altar of Xom.
  1101 | D:1      | Found a shimmering altar of Xom.
  1102 | D:1      | Found a shimmering altar of Xom.
  1102 | D:1      | Found a shimmering altar of Xom.
  1102 | D:1      | Found a shimmering altar of Xom.
  1104 | D:1      | Found a shimmering altar of Xom.
  1292 | D:2      | Noticed Jessica
  1299 | D:2      | Reached skill level 1 in Translocations
  1300 | D:2      | Killed from afar by Jessica

Action                   || total
-------------------------++-------
Melee: Unarmed           ||    25
       Dagger            ||    18
       Whip              ||    12
 Cast: Magic Dart        ||    52
       Repel Missiles    ||     1
       Blink             ||     3
 Stab: Sleeping          ||     1
  Eat: Chunk             ||     1
